 Dungeon Crawl Stone Soup version 0.20-a0-903-g7e3609c (webtiles) character file.

931 Goblin1989 the Twirler (level 8, -4/48 HPs)
             Began as a Kobold Gladiator on Mar 20, 2017.
             Was an Initiate of Okawaru.
             Slain by Paps's ghost (6 damage)
             ... on level 6 of the Dungeon.
             The game lasted 00:16:00 (7064 turns).

Goblin1989 the Twirler (Kobold Gladiator)           Turns: 7064, Time: 00:16:01

Health: -4/48      AC: 10    Str: 16    XL:     8   Next: 33%
Magic:  8/8        EV: 15    Int: 10    God:    Okawaru [......]
Gold:   365        SH:  0    Dex: 16    Spells: 7/7 levels left

rFire    . . .     SeeInvis .   a - +0 quarterstaff
rCold    . . .     Gourm    .   j - +0 scale mail
rNeg     . . .     Faith    .   (shield currently unavailable)
rPois    .         Spirit   .   c - +0 helmet
rElec    .         Reflect  .   (no cloak)
rCorr    .         Harm     .   s - +2 pair of gloves
MR       .....                  (no boots)
Stlth    ..........             (no amulet)
Regen    0.2/turn               (no ring)
MPRegen  0.2/turn               h - +3 ring of strength

@: lethally poisoned (-4 -> -5), very slightly contaminated, drained
A: carnivore 3, mutation resistance 1
a: Renounce Religion


You were on level 6 of the Dungeon.
You worshipped Okawaru.
Okawaru was noncommittal.
You were very full.

You visited 2 branches of the dungeon, and saw 7 of its levels.

You collected 365 gold pieces.

Inventory:

Hand Weapons
 a - a +0 quarterstaff (weapon)
Missiles
 Z - 2 throwing nets (quivered) {!d, =f}
Armour
 c - a +0 helmet (worn)
 i - a +0 plate armour
 j - a +0 scale mail (worn)
 k - a +0 chain mail
 s - a +2 pair of gloves (worn)
Jewellery
 h - a +3 ring of strength (left hand)
Wands
 d - a wand of digging (11/24)
Scrolls
 b - 2 scrolls of teleportation {unknown}
 m - a scroll of remove curse {@r2}
 u - a scroll of enchant armour
 B - 2 scrolls of blinking
 R - 5 scrolls of identify {@r1}
Potions
 e - 2 potions of agility
 r - 2 potions of brilliance
Comestibles
 f - a meat ration {@e2}
 n - 3 royal jellies


   Skills:
 + Level 4.8(4.5) Fighting
 * Level 6.2(5.9) Staves
 - Level 2.1(1.9) Throwing
 + Level 2.7(2.5) Armour
 + Level 5.6(5.3) Dodging


You had 7 spell levels left.
You didn't know any spells.

Dungeon Overview and Level Annotations

Branches:
Dungeon (6/15)             Temple (1/1) D:6

Altars:
Ashenzari
Cheibriados
Dithmenos
Elyvilon
Fedhas
Gozag
Kikubaaqudgha
Makhleb
Okawaru
Ru
Trog
Yredelemnul
Zin

Annotations:
D:6 Paps's ghost, novice GrAs


Innate Abilities, Weirdness & Mutations

You are small and have problems with some larger weapons.
You are carnivorous and can eat meat at any time.
You are somewhat resistant to further mutation.


Message History

You hit Paps's ghost but do no damage.
Paps's ghost is almost destroyed.
Paps's ghost barely misses you.
You barely miss Paps's ghost.
Paps's ghost is almost destroyed.
You flicker for a moment.
Paps's ghost hits you but does no damage.
You hit Paps's ghost but do no damage.
Paps's ghost is almost destroyed.
You feel sick.
You are no longer poisoned.
Paps's ghost hits you.
* * * LOW HITPOINT WARNING * * *
You take 3 damage, and have 8/48 hp.
You feel better.
Paps's ghost whispers, "Death doesn't hurt.
What you feel is life."
Paps's ghost hits you but does no damage.
You regained 10 hp, and now have 18/48 hp.
MP restored: 8 You barely miss Paps's ghost.
Paps's ghost is almost destroyed.
Paps's ghost hits you.
* * * LOW HITPOINT WARNING * * *
Paps's ghost freezes you.
* * * LOW HITPOINT WARNING * * *
You take 4 damage, and have 14/48 hp.
You catch the helpless Paps's ghost completely off-guard!
You hit Paps's ghost but do no damage.
Paps's ghost is almost destroyed.
You flicker back into view.
Your scale mail prevents you from hitting Paps's ghost.
Paps's ghost is almost destroyed.
Paps's ghost hits you.
* * * LOW HITPOINT WARNING * * *
You take 6 damage, and have 8/48 hp.
You miss Paps's ghost.
Paps's ghost is almost destroyed.
Paps's ghost hits you but does no damage.
Unknown command.
You feel better. Paps's ghost closely misses you.
You regained 12 hp, and now have 20/48 hp.
Unknown command.
Your scale mail prevents you from hitting Paps's ghost.
Paps's ghost is almost destroyed.
Paps's ghost misses you.
You hit Paps's ghost.
Paps's ghost is almost destroyed.
Paps's ghost closely misses you.
You barely miss Paps's ghost.
Paps's ghost is almost destroyed.
Paps's ghost hits you.
* * * LOW HITPOINT WARNING * * *
You are poisoned.
You take 1 damage, and have 19/48 hp.
You miss Paps's ghost.
Paps's ghost is almost destroyed.
You feel sick. Paps's ghost hits you.
* * * LOW HITPOINT WARNING * * *
You feel drained.
* * * LOW HITPOINT WARNING * * *
You take 8 damage, and have 11/48 hp.
You closely miss Paps's ghost.
Paps's ghost is almost destroyed.
You feel sick.
Paps's ghost says, "I guess you can't buy your way into a good afterlife."
Paps's ghost misses you.
You take 1 damage, and have 10/48 hp.
You hit Paps's ghost.
Paps's ghost is almost destroyed.
You feel sick. Paps's ghost completely misses you.
Unknown command.
You hit Paps's ghost but do no damage.
Paps's ghost is almost destroyed.
Paps's ghost hits you but does no damage.
You barely miss Paps's ghost.
Paps's ghost is almost destroyed.
You feel sick. Paps's ghost closely misses you.
You take 1 damage, and have 9/48 hp.
You miss Paps's ghost.
Paps's ghost is almost destroyed.
You feel sick. Paps's ghost hits you.
* * * LOW HITPOINT WARNING * * *
You take 5 damage, and have 4/48 hp.
You hit Paps's ghost but do no damage.
Paps's ghost is almost destroyed.
Paps's ghost closely misses you.
Unknown command.
* * * LOW HITPOINT WARNING * * *
You feel sick.
You take 1 damage, and have 3/48 hp.
* * * LOW HITPOINT WARNING * * *
You feel sick.
You take 1 damage, and have 3/48 hp.
* * * LOW HITPOINT WARNING * * *
You feel sick.
You take 1 damage, and have 2/48 hp.
There is a stone staircase leading up here.
* * * LOW HITPOINT WARNING * * *
You feel sick. Paps's ghost hits you.
You die...

...██ ███ █.. █..█ ..█
█.█████ .. █.█ █.....
.█ █.█ █.██.█ .█
█.███.██.██.████
█..█.........█.. ...
█...............
..██.██..Ψ...Ψ..█..
█.█@W██.........█.. █
█..██......>....... █
█. █.....█.........█..
███
█..██..███..Ψ...Ψ..█..
..█
█.....................
..██
█........█.........█..
..8█
██████.████.██.██.██..
..██ █.██.█.█..█ ...
..█ █.██.....██


████ █ You could see Paps's ghost.

Vanquished Creatures
  Duvessa (D:4)
  An ice beast (D:6)
  A phantom (D:4)
  An ogre (D:4)
  Dowan (D:4)
  3 scorpions
  A howler monkey (D:6)
  A crimson imp (D:5)
  Ijyb (D:3)
  An iguana (D:5)
  A howler monkey skeleton (D:5)
  A worker ant zombie (D:6)
  10 adders
  A gnoll (D:1)
  A shadow imp (D:5)
  2 oozes
  2 worms
  A dart slug (D:1)
  A leopard gecko (D:1)
  5 orcs
  A ball python (D:3)
  10 bats
  7 giant cockroaches
  2 goblins (D:1)
  14 hobgoblins
  9 jackals
  6 kobolds
  A quokka (D:2)
  3 frilled lizards
  8 rats
98 creatures vanquished.

Notes
Turn   | Place    | Note
-------+----------+-------------------------------------------
     0 | D:1      | Goblin1989 the Kobold Gladiator began the quest for the Orb.
     0 | D:1      | Reached XP level 1. HP: 12/12 MP: 1/1
    91 | D:1      | Reached skill level 3 in Staves
    91 | D:1      | Reached XP level 2. HP: 16/17 MP: 2/2
   190 | D:1      | Reached XP level 3. HP: 21/21 MP: 3/3
   658 | D:1      | Reached skill level 4 in Staves
   794 | D:1      | Reached XP level 4. HP: 27/27 MP: 4/4
  1521 | D:2      | Reached XP level 5. HP: 29/32 MP: 5/5
  1647 | D:3      | Noticed Ijyb
  2065 | D:3      | Found a shadowy altar of Dithmenos.
  2078 | D:3      | Killed Ijyb
  2078 | D:3      | Reached skill level 1 in Armour
  2776 | D:4      | Noticed a phantom
  2810 | D:3      | HP: 1/32 [poisoned by a scorpion]
  2841 | D:3      | Reached XP level 6. HP: 24/37 MP: 6/6
  3030 | D:4      | Reached skill level 5 in Staves
  3871 | D:4      | Killed a phantom
  4059 | D:4      | Noticed an ogre
  4072 | D:4      | Killed an ogre
  4072 | D:4      | Reached XP level 7. HP: 42/42 MP: 7/7
  4119 | D:4      | Noticed Duvessa
  4120 | D:4      | Noticed Dowan
  4131 | D:4      | Gained mutation: You are somewhat resistant to further mutation. [potion of mutation]
  4143 | D:4      | Killed Duvessa
  4143 | D:4      | Reached skill level 5 in Dodging
  4149 | D:4      | Killed Dowan
  5212 | D:5      | Entered Level 5 of the Dungeon
  5273 | D:5      | Found a snail-covered altar of Cheibriados.
  5333 | D:5      | Reached skill level 6 in Staves
  5333 | D:5      | Reached XP level 8. HP: 38/48 MP: 8/8
  5631 | D:5      | Found a burning altar of Makhleb.
  5633 | D:5      | Found a sacrificial altar of Ru.
  5634 | D:5      | Found a blossoming altar of Fedhas.
  5635 | D:5      | Found a glowing silver altar of Zin.
  5635 | D:5      | Found a shattered altar of Ashenzari.
  5635 | D:5      | Found a white marble altar of Elyvilon.
  6198 | D:6      | Found a staircase to the Ecumenical Temple.
  6206 | Temple   | Entered the Ecumenical Temple
  6236 | Temple   | Became a worshipper of Warmaster Okawaru
  6437 | D:6      | Noticed Paps's ghost (novice GrAs)
  7061 | D:6      | HP: 2/48 [poisoned by Paps's ghost]
  7064 | D:6      | Slain by Paps's ghost

Vault maps used:
D:1:      dpeg_arrival_shrine
D:3:      grunt_dithmenos_smoke_and_mirrors, uniq_iyjb
D:4:      first_bread, uniq_duvessa
D:5:      lemuel_round_altar, grunt_temple_overflow_open,
          serial_co_window_serial, co_window_paths_a, co_window_paths_b,
          co_window_of_opportunity_a, co_window_paths_b, co_window_paths_b,
          co_window_cross_3, co_window_of_opportunity_b, co_window_corner_b,
          co_window_corner_cb, co_window_unsneaky_path_c, glass_columns_a,
          minmay_crystal_room
D:6:      lemuel_crystal_altar, minmay_temple_entry_large_hall,
          serial_corexii_hall, corexii_hall_statues_x,
          corexii_hall_statues_deadend
Temple:   nicolae_temple_great_sept

Skill      XL: |  1  2  3  4  5  6  7 |
---------------+----------------------+-----
Staves         | 3 4 5 6 |  6.2
Fighting       | 3 4 |  4.8
Dodging        | 4 5 |  5.6
Armour         | 1 2 |  2.7
Throwing       | |  2.1

Action                   |  1- 3 |  4- 6 |  7- 9 || total
-------------------------+-------+-------+-------++-------
Melee: Quarterstaff      |    80 |   280 |   181 ||   541
Throw: Throwing net      |       |     1 |     2 ||     3
  Use: Potion            |       |     5 |     6 ||    11
       Scroll            |       |       |     8 ||     8
 Stab: Sleeping          |     2 |     1 |       ||     3
       Held in net/web   |       |     1 |     1 ||     2
       Invisible         |       |       |     7 ||     7
  Eat: Chunk             |     8 |    10 |     9 ||    27
Armor: Leather armour    |    20 |    65 |     1 ||    86
       Skin              |       |    10 |       ||    10
       Scale mail        |       |       |    26 ||    26
Dodge: Dodged            |    93 |   266 |   118 ||   477

Vault maps used:
D:1:      dpeg_arrival_shrine
D:3:      grunt_dithmenos_smoke_and_mirrors, uniq_iyjb
D:4:      first_bread, uniq_duvessa
D:5:      lemuel_round_altar, grunt_temple_overflow_open,
          serial_co_window_serial, co_window_paths_a, co_window_paths_b,
          co_window_of_opportunity_a, co_window_paths_b, co_window_paths_b,
          co_window_cross_3, co_window_of_opportunity_b, co_window_corner_b,
          co_window_corner_cb, co_window_unsneaky_path_c, glass_columns_a,
          minmay_crystal_room
D:6:      lemuel_crystal_altar, minmay_temple_entry_large_hall,
          serial_corexii_hall, corexii_hall_statues_x,
          corexii_hall_statues_deadend
Temple:   nicolae_temple_great_sept
